[Event "Team 45 45 League T52"]
[Site "Internet Chess Club"]
[Date "2012.03.19"]
[Round "5"]
[White "Macovitski"]
[Black "Fulmar"]
[Result "0-1"]
[WhiteElo "1075"]
[BlackElo "1243"]
[Opening "Queen's pawn game"]
[ECO "D05"]
[Time "19:00:28"]
[TimeControl "2700+45"]

1. d4 d5 2. Nf3 e6 3. e3 Nf6 4. Bd3 Bd6 5. Nbd2 O-O 6. O-O c5 7. c3 c4 8. Bc2
Qa5 9. Re1 Nc6 10. e4 dxe4 11. Nxe4 Nxe4 12. Bxe4 Re8 13. Bxh7+ Kxh7 14. Ng5+
Kg8 15. Qh5 Nd8 16. Qh7+ Kf8 17. Qh8+ Ke7 18. Qxg7 Qf5 19. b3 b5 20. bxc4 bxc4
21. a4 a5 22. Bb2 Qc2 23. Rxe6+ Bxe6 24. Re1 Qxb2 25. Rxe6+ Nxe6 26. Qxf7+ Kd8
27. h4 Qa1# {White checkmated} 0-1

[Event "Team 45 45 League T52"]
[Site "Internet Chess Club"]
[Date "2012.03.14"]
[Round "5"]
[White "vjbaker"]
[Black "sockmonkey"]
[Result "0-1"]
[WhiteElo "1234"]
[BlackElo "1374"]
[Opening "Caro-Kann: classical variation"]
[ECO "B18"]
[Time "16:15:17"]
[TimeControl "2700+45"]

1. e4 c6 2. d4 d5 3. Nc3 dxe4 4. Nxe4 Bf5 5. Nc3 e6 6. Nf3 Nd7 7. Bd3 Bxd3 8.
Qxd3 Ngf6 9. Bg5 Be7 10. O-O O-O 11. Rfe1 Nd5 12. Bxe7 Qxe7 13. Re2 Nf4 14. Qe3
Nxe2+ 15. Nxe2 Rfe8 16. c4 e5 17. Re1 exd4 18. Nexd4 Qxe3 19. Rxe3 Rxe3 20. fxe3
Re8 21. Kf2 Ne5 22. Nxe5 Rxe5 23. Kf3 f6 24. a4 a5 25. b3 Kf7 26. g4 Ke7 27. h4
g5 28. h5 Kd6 29. Ke2 Kc5 30. Nc2 f5 31. Kf3 h6 32. Kg3 fxg4 33. Kxg4 Re4+ 34.
Kf5 Rh4 35. e4 Kd6 36. e5+ Ke7 37. e6 Rf4+ 38. Ke5 Rf6 39. Nd4 g4 40. c5 g3 41.
Nf5+ Rxf5+ 42. Kxf5 g2 43. b4 g1=Q 44. b5 Qg5+ 45. Ke4 Kxe6 46. Kd4 Qd5+ 47. Ke3
Qxc5+ 48. Kf4 cxb5 49. Ke4 bxa4 50. Kf4 a3 51. Ke4 a2 52. Kf3 a1=Q 53. Ke2 Qcc3
54. Kf2 Qa2+ 55. Kg1 Qc1# {White checkmated} 0-1

[Event "Team 45 45 League T52"]
[Site "Internet Chess Club"]
[Date "2012.03.17"]
[Round "5"]
[White "Iowa-Archer"]
[Black "Goldenberg"]
[Result "1-0"]
[WhiteElo "1286"]
[BlackElo "1337"]
[Opening "Blackmar gambit"]
[ECO "D00"]
[Time "18:00:39"]
[TimeControl "2700+45"]

1. d4 d5 2. e4 dxe4 3. Nc3 Nf6 4. f3 exf3 5. Nxf3 Bg4 6. h3 Bf5 7. g4 Bg6 8. Bf4
e6 9. Nb5 Bd6 10. Nxd6+ cxd6 11. Bb5+ Nc6 12. Qe2 O-O 13. O-O-O Nd5 14. Bg5 Qd7
15. Nh4 a6 16. Ba4 b5 17. Bb3 Nde7 18. Nxg6 Nxg6 19. d5 exd5 20. Bxd5 h6 21. Be3
Rac8 22. h4 Nge5 23. g5 hxg5 24. hxg5 Nb4 25. c3 Nxd5 26. Qh5 Qf5 27. Qh8#
{Black checkmated} 1-0

[Event "Team 45 45 League T52"]
[Site "Internet Chess Club"]
[Date "2012.03.18"]
[Round "5"]
[White "moodle"]
[Black "nlobo"]
[Result "1-0"]
[WhiteElo "1221"]
[BlackElo "1167"]
[Opening "Three knights game"]
[ECO "C46"]
[Time "19:00:28"]
[TimeControl "2700+45"]

1. e4 e5 2. Nf3 Nc6 3. Nc3 Bc5 4. Bb5 Bxf2+ 5. Kxf2 Nd4 6. Nxe5 Qf6+ 7. Nf3 Nxf3
8. Qxf3 Qxf3+ 9. gxf3 Nf6 10. Rg1 Nh5 11. Nd5 O-O 12. Nxc7 Rb8 13. d4 d6 14. Ne8
g6 15. Bh6 a6 16. Bxf8 Kxf8 17. Nxd6 Nf4 18. Ke3 axb5 19. Nxc8 Nh3 20. Rg3 Rxc8
21. c3 b4 22. cxb4 Nf2 23. Kxf2 Rc2+ 24. Ke3 Rxb2 25. a3 Rxh2 26. a4 h5 27. b5
h4 28. Rgg1 h3 29. Rh1 Rb2 30. Rxh3 g5 31. Ra3 Rb1 32. Rg3 f6 33. d5 Re1+ 34.
Kd4 Rd1+ 35. Kc5 Rc1+ 36. Kb6 Rh1 37. Kxb7 Rh7+ 38. Kc6 Ke8 39. b6 Kd8 40. d6
Kc8 41. a5 f5 42. Rxg5 fxe4 43. Rg8# {Black checkmated} 1-0

[Event "Team 45 45 League T52"]
[Site "Internet Chess Club"]
[Date "2012.03.19"]
[Round "5"]
[White "ChessMaine"]
[Black "chicopee-ed"]
[Result "1-0"]
[WhiteElo "1463"]
[BlackElo "1292"]
[Opening "Torre attack (Tartakower variation)"]
[ECO "D03"]
[Time "14:30:13"]
[TimeControl "2700+45"]

1. d4 d5 2. Nf3 Nf6 3. Bg5 e6 4. e3 c5 5. c3 Nc6 6. Bb5 a6 7. Qa4 Bd7 8. Bxc6
Bxc6 9. Qc2 h6 10. Bh4 Bb5 11. a4 Bc6 12. O-O c4 13. Nbd2 Be7 14. Ne5 Nd7 15.
Bxe7 Qxe7 16. Ndf3 Nf6 17. Nxc6 bxc6 18. Ne5 Rc8 19. f3 c5 20. Rad1 Nd7 21. e4
cxd4 22. Nxd7 Qxd7 23. Rxd4 Qb7 24. exd5 exd5 25. Re1+ Kd8 26. Qe4 Rc5 27. Red1
Re8 28. Rxd5+ Rxd5 29. Rxd5+ Qxd5 30. Qxd5+ {Black resigns} 1-0

[Event "Team 45 45 League T52"]
[Site "Internet Chess Club"]
[Date "2012.03.16"]
[Round "5"]
[White "arconia"]
[Black "drsigmund1"]
[Result "0-1"]
[WhiteElo "1303"]
[BlackElo "1481"]
[Opening "French defense"]
[ECO "C00"]
[Time "21:30:10"]
[TimeControl "2700+45"]

1. e4 e6 2. Nf3 d5 3. e5 c5 4. Be2 Nc6 5. O-O f6 6. d4 Qc7 7. exf6 gxf6 8. Nh4
Nge7 9. dxc5 Bd7 10. Bh5+ Ng6 11. Nxg6 hxg6 12. Bxg6+ Ke7 13. f4 Bh6 14. Nc3
Rag8 15. Bf5 Qa5 16. Nxd5+ exd5 17. Re1+ Kd8 18. Qxd5 Qxe1# {White checkmated}
0-1

[Event "Team 45 45 League T52"]
[Site "Internet Chess Club"]
[Date "2012.03.20"]
[Round "5"]
[White "dblackw2"]
[Black "Aquaman"]
[Result "0-1"]
[WhiteElo "1090"]
[BlackElo "1219"]
[Opening "QP counter-gambit: Maroczy gambit"]
[ECO "C40"]
[Time "20:27:16"]
[TimeControl "2700+45"]

1. e4 e5 2. Nf3 d5 3. exd5 Bd6 4. d3 f5 5. Nc3 Nf6 6. Bg5 O-O 7. g3 Qe8 8. Bg2
Nbd7 9. O-O Qg6 10. Re1 e4 11. dxe4 fxe4 12. Nxe4 Nxe4 13. Bh4 Nef6 14. Nd4 Nb6
15. Bxf6 Qxf6 16. Qd3 Bd7 17. Be4 g6 18. Re2 a6 19. b3 Be5 20. c3 Bxd4 21. Rf1
Bxc3 {White resigns} 0-1

[Event "Team 45 45 League T52"]
[Site "Internet Chess Club"]
[Date "2012.03.16"]
[Round "5"]
[White "Docvan"]
[Black "wildangels"]
[Result "1-0"]
[WhiteElo "1285"]
[BlackElo "961"]
[Opening "French: Winawer, advance variation"]
[ECO "C16"]
[Time "20:01:13"]
[TimeControl "2700+45"]

1. e4 e6 2. d4 d5 3. Nc3 Bb4 4. e5 Nc6 5. Nf3 Bxc3+ 6. bxc3 Nge7 7. Bd3 O-O 8.
Bxh7+ Kxh7 9. Ng5+ Kh8 10. Qh5+ Kg8 11. Qh7# {Black checkmated} 1-0

[Event "Team 45 45 League T52"]
[Site "Internet Chess Club"]
[Date "2012.03.17"]
[Round "5"]
[White "Buford-Julep"]
[Black "BTop"]
[Result "0-1"]
[WhiteElo "1672"]
[BlackElo "1679"]
[Opening "King's Indian: orthodox, Aronin-Taimanov variation (Yugoslav attack / Mar del Plata variation)"]
[ECO "E97"]
[Time "09:00:48"]
[TimeControl "2700+45"]

1. d4 Nf6 2. c4 g6 3. Nc3 Bg7 4. e4 d6 5. Be2 O-O 6. Nf3 e5 7. O-O Nc6 8. Be3
Ng4 9. Bg5 f6 10. Bh4 h5 11. h3 Nh6 12. dxe5 dxe5 13. Qxd8 Nxd8 14. Rfd1 Ne6 15.
Bg3 Nf7 16. Nh4 Kh7 17. Nd5 Re8 18. Rac1 c6 19. Ne3 Nd4 20. Bd3 Bh6 21. Rc3 Ng5
22. Kf1 Nge6 23. c5 Bf8 24. b4 b6 25. Rdc1 bxc5 26. bxc5 Rb8 27. Nc2 Nxc2 28.
Bxc2 Ba6+ 29. Bd3 Bxd3+ 30. Rxd3 Nxc5 31. Rdc3 Nxe4 32. Rxc6 Rb2 33. Rc7+ Kh6
34. Rxa7 Bc5 35. Nf3 Nxg3+ 36. fxg3 Bxa7 {White resigns} 0-1

[Event "Team 45 45 League T52"]
[Site "Internet Chess Club"]
[Date "2012.03.18"]
[Round "5"]
[White "monkeyshark"]
[Black "pauliewoll"]
[Result "0-1"]
[WhiteElo "1461"]
[BlackElo "1634"]
[Opening "Sicilian: Canal-Sokolsky attack, 3...Bd7"]
[ECO "B52"]
[Time "12:00:43"]
[TimeControl "2700+45"]

1. e4 c5 2. Nf3 d6 3. Bb5+ Bd7 4. Bxd7+ Qxd7 5. O-O Nc6 6. c3 Nf6 7. Re1 e6 8.
d4 cxd4 9. cxd4 d5 10. e5 Ne4 11. Nbd2 Bb4 12. a3 Nxd2 13. Bxd2 Bxd2 14. Qxd2
O-O 15. Rac1 Ne7 16. Rc3 Rac8 17. Rec1 Rxc3 18. Rxc3 Rc8 19. Qc2 b5 20. Ng5 g6
21. Qd3 Rxc3 22. Qxc3 Qc6 23. Qc5 Qxc5 24. dxc5 Nc6 25. Nf3 a5 26. Kf1 Kg7 27.
Ke2 f6 28. exf6+ Kxf6 29. Ke3 e5 30. g4 h6 31. h3 a4 32. h4 Na5 33. g5+ hxg5 34.
hxg5+ Kf5 35. Ke2 Kf4 36. Nd2 Nc6 37. b4 Kxg5 38. Ke3 Kf5 39. f3 Nd4 40. Nb1 g5
41. Nc3 Ke6 42. Kf2 Kd7 43. Nxd5 Nc2 44. Nf6+ Kc6 45. Ne4 Nxa3 46. Nxg5 Nc2 47.
Nf7 Nxb4 48. Nxe5+ Kxc5 49. f4 Kd5 50. Nf3 a3 51. Nd2 a2 52. Nb3 Kc4 53. Na1 Kc3
54. f5 Nd5 55. Kf3 Kb2 56. Ke4 Nf6+ 57. Ke5 Kxa1 58. Kxf6 Kb1 59. Ke6 a1=Q
{White resigns} 0-1

[Event "Team 45 45 League T52"]
[Site "Internet Chess Club"]
[Date "2012.03.18"]
[Round "5"]
[White "SirIvanhoe"]
[Black "Insan996"]
[Result "0-1"]
[WhiteElo "1480"]
[BlackElo "1568"]
[Opening "Sicilian: closed, 6.Be3"]
[ECO "B26"]
[Time "19:04:35"]
[TimeControl "2700+45"]

1. e4 c5 2. Nc3 Nc6 3. g3 g6 4. Bg2 Bg7 5. d3 d6 6. Be3 e6 7. Qd2 Rb8 8. Nge2
Nge7 9. Bh6 O-O 10. h4 Nd4 11. Bxg7 Kxg7 12. h5 Ng8 13. O-O-O e5 14. hxg6 fxg6
15. Nxd4 cxd4 16. Nd5 Bg4 17. Rdf1 Bf3 18. Bxf3 Rxf3 19. Rh2 Qf8 20. Rfh1 h5 21.
Rxh5 gxh5 22. Qg5+ Kh7 23. Rxh5+ Nh6 24. Ne7 Rf6 25. Nf5 Rg6 26. Rxh6+ Rxh6 27.
Qxh6+ Qxh6+ 28. Nxh6 Kxh6 29. Kd1 Kg5 30. Ke2 Rc8 31. Kd2 Kg4 32. c3 dxc3+ 33.
bxc3 Kf3 34. d4 Kxf2 35. dxe5 dxe5 36. g4 Kf3 {White resigns} 0-1

[Event "Team 45 45 League T52"]
[Site "Internet Chess Club"]
[Date "2012.03.14"]
[Round "5"]
[White "jhbchess"]
[Black "CKNIGHT3"]
[Result "1-0"]
[WhiteElo "1577"]
[BlackElo "1551"]
[Opening "English: symmetrical variation"]
[ECO "A30"]
[Time "21:00:04"]
[TimeControl "2700+45"]

1. c4 c5 2. g3 g6 3. Bg2 Bg7 4. e3 e6 5. Nc3 Nc6 6. Nge2 Nge7 7. d4 b6 8. dxc5
bxc5 9. O-O O-O 10. b3 a6 11. Rb1 Rb8 12. Bb2 Bb7 13. Qd6 Nf5 14. Qxc5 d6 15.
Qa3 Qc7 16. Ne4 e5 17. Bc3 Rfd8 18. Rbd1 Bf8 19. Nf4 d5 20. Nxd5 Qc8 21. Ndf6+
Kg7 22. Qb2 Qe6 23. Rxd8 Rxd8 24. Nxh7 Be7 25. Nhg5 Bxg5 26. Nxg5 Qe7 27. Bxc6
Bxc6 28. Bxe5+ f6 29. Bxf6+ Qxf6 30. Qxf6+ Kxf6 31. h4 Rh8 32. e4 Nd6 33. f3 Rc8
34. Re1 Re8 35. Kf2 Nb7 36. Rd1 Kg7 37. Ke3 Kf6 38. f4 a5 39. g4 Rh8 40. e5+ Ke7
41. f5 Rxh4 42. f6+ Ke8 43. f7+ Kf8 44. Kf4 Rh8 45. e6 Ke7 46. Ke5 Rh4 47. Rf1
Rh8 48. Nh7 Nc5 49. Rf6 Nd3+ 50. Kd4 Rd8+ 51. Ke3 Nc5 52. f8=Q+ Rxf8 53. Rxf8
Nxe6 54. Rb8 a4 55. b4 Be8 56. a3 g5 57. Rb7+ Bd7 58. Ke4 Kd6 59. c5+ Kc6 60.
Rb6+ Kc7 61. Ke5 Nd8 62. Nf6 Nf7+ 63. Ke4 Bc6+ 64. Kf5 Bf3 65. Kg6 Ne5+ 66. Kxg5
Bc6 67. Kf5 Nc4 68. Rxc6+ Kxc6 69. g5 Nxa3 70. g6 Nc4 71. g7 a3 72. g8=Q a2 73.
Qe8+ Kb7 74. Qa4 Ne3+ 75. Kg6 Nc4 76. Qxa2 Ne5+ 77. Kg7 Nc6 78. Nd5 Nd8 79. b5
Ne6+ 80. Kh8 Nxc5 81. Qa5 {Black resigns} 1-0

[Event "Team 45 45 League T52"]
[Site "Internet Chess Club"]
[Date "2012.03.18"]
[Round "5"]
[White "LazyPeon"]
[Black "Grenadier"]
[Result "0-1"]
[WhiteElo "1735"]
[BlackElo "1805"]
[Opening "Queen's Indian: old main line, 7.Nc3"]
[ECO "E18"]
[Time "16:00:09"]
[TimeControl "2700+45"]

1. d4 Nf6 2. c4 e6 3. Nf3 b6 4. g3 Bb7 5. Bg2 Be7 6. Nc3 O-O 7. O-O Ne4 8. d5
Nxc3 9. bxc3 Bf6 10. Nd4 exd5 11. cxd5 d6 12. Bb2 Nd7 13. e4 Ne5 14. Qe2 a5 15.
c4 Ba6 16. Rac1 Qe8 17. f4 Nd7 18. Nf5 Bxb2 19. Qxb2 f6 20. Nd4 Nc5 21. Qe2 Qd7
22. e5 fxe5 23. fxe5 Rxf1+ 24. Bxf1 dxe5 25. Qxe5 Re8 26. Qf4 Re4 27. Qf2 Qe8
28. Bg2 Re3 29. Bh3 Re7 30. Be6+ Nxe6 31. Nxe6 Bc8 32. Nd4 Bh3 33. Qd2 Re3 34.
Kf2 Re7 35. Re1 Rf7+ 36. Kg1 Qf8 37. Qe2 Qc5 38. Qe3 Qxc4 39. Nf3 Qxd5 40. Kf2
Bg4 {White resigns} 0-1

[Event "Team 45 45 League T52"]
[Site "Internet Chess Club"]
[Date "2012.03.25"]
[Round "5"]
[White "zepled37"]
[Black "ticopatzer"]
[Result "1/2-1/2"]
[WhiteElo "1615"]
[BlackElo "1673"]
[Opening "Petrov: Nimzovich attack"]
[ECO "C42"]
[Time "11:04:09"]
[TimeControl "2700+45"]

1. e4 e5 2. Nf3 Nf6 3. Nxe5 d6 4. Nf3 Nxe4 5. Nc3 Nxc3 6. dxc3 Be7 7. Be3 Nc6 8.
Qd2 Bg4 9. Be2 Qd7 10. O-O-O O-O-O 11. Rhe1 Bf6 12. Nd4 Bxe2 13. Rxe2 Nxd4 14.
Bxd4 {Game drawn by mutual agreement} 1/2-1/2

[Event "Team 45 45 League T52"]
[Site "Internet Chess Club"]
[Date "2012.03.18"]
[Round "5"]
[White "realchess"]
[Black "GoIrish"]
[Result "1-0"]
[WhiteElo "1797"]
[BlackElo "1626"]
[Opening "Alekhine's defense: exchange variation"]
[ECO "B03"]
[Time "21:00:13"]
[TimeControl "2700+45"]

1. e4 Nf6 2. e5 Nd5 3. d4 d6 4. c4 Nb6 5. exd6 exd6 6. Nc3 Nc6 7. Be3 Be7 8. b3
O-O 9. Nf3 Bg4 10. Be2 Bf6 11. Ne4 d5 12. Nxf6+ Qxf6 13. c5 Nc8 14. Rb1 N8e7 15.
O-O Nf5 16. Bg5 Qe6 17. Re1 Bxf3 18. Bxf3 Qd7 19. Bg4 f6 20. Be3 Nce7 21. Qd3 c6
22. Bf4 g6 23. Bd6 Rfe8 24. Re2 Qd8 25. Rbe1 Nxd6 26. cxd6 Qxd6 27. Re6 Qd7 28.
Qe2 Kf7 29. Rxf6+ Kxf6 30. Bxd7 {Black resigns} 1-0

[Event "Team 45 45 League T52"]
[Site "Internet Chess Club"]
[Date "2012.03.18"]
[Round "5"]
[White "BrerRabbit"]
[Black "Vin07"]
[Result "1-0"]
[WhiteElo "1490"]
[BlackElo "1442"]
[Opening "English: Caro-Kann defensive system"]
[ECO "A11"]
[Time "15:01:49"]
[TimeControl "2700+45"]

1. c4 c6 2. g3 Nf6 3. Nf3 d5 4. Bg2 dxc4 5. O-O g6 6. Na3 Be6 7. Ne5 Bg7 8.
Nexc4 Nbd7 9. b3 O-O 10. Bb2 Bd5 11. Rc1 Bxg2 12. Kxg2 Nb6 13. Nxb6 axb6 14. Ra1
b5 15. Nc2 Qd7 16. Ne3 Rfd8 17. d3 Ra7 18. a4 bxa4 19. Rxa4 Rxa4 20. bxa4 Ra8
21. Nc4 Qd5+ 22. Kg1 Qc5 23. Qb3 b5 24. axb5 Qxb5 25. Qxb5 cxb5 26. Na3 b4 27.
Nc4 Rb8 28. Ra1 Nd5 29. Kf1 Bxb2 30. Nxb2 b3 31. Ke1 Nb4 32. Kd2 Nc2 33. Ra4 Kg7
34. Kc3 e6 35. Nc4 Kf6 36. Ra7 Kg7 37. Kb2 Nd4 38. e3 Nf3 39. h4 Ne1 40. Ne5 Kf6
41. d4 Rf8 42. Nd7+ Kg7 43. Nxf8 Kxf8 44. Kxb3 Nd3 45. f4 Ne1 46. Kc3 Nf3 47. e4
Nh2 48. d5 {Black resigns} 1-0

[Event "Team 45 45 League T52"]
[Site "Internet Chess Club"]
[Date "2012.03.16"]
[Round "5"]
[White "medsurg"]
[Black "dpmdpm"]
[Result "0-1"]
[WhiteElo "1366"]
[BlackElo "1415"]
[Opening "King's Indian, 3.Nf3"]
[ECO "E90"]
[Time "17:00:34"]
[TimeControl "2700+45"]

1. Nf3 Nf6 2. d4 g6 3. c4 Bg7 4. Nc3 O-O 5. e4 d6 6. h3 e5 7. Bd3 Nc6 8. dxe5
dxe5 9. a3 h6 10. Qe2 Nh5 11. Qc2 Be6 12. Ne2 f5 13. g4 fxg4 14. hxg4 Rxf3 15.
gxh5 Rxd3 {White resigns} 0-1

[Event "Team 45 45 League T52"]
[Site "Internet Chess Club"]
[Date "2012.03.15"]
[Round "5"]
[White "otib2006"]
[Black "tamky70"]
[Result "1-0"]
[WhiteElo "1350"]
[BlackElo "1309"]
[Opening "Dutch"]
[ECO "A80"]
[Time "14:00:35"]
[TimeControl "2700+45"]

1. d4 f5 2. Nf3 Nf6 3. e3 e6 4. Bd3 Be7 5. O-O d6 6. Nbd2 O-O 7. Qe2 Qe8 8. c3
Qh5 9. h3 Bd7 10. b4 a6 11. a4 Bc6 12. e4 fxe4 13. Nxe4 Nxe4 14. Bxe4 Bxe4 15.
Qxe4 Qd5 16. Qxd5 exd5 17. Bg5 Bf6 18. Rfe1 Nc6 19. b5 Na5 20. Bxf6 Rxf6 21. Re7
Rf7 22. Rae1 Rc8 23. Ng5 Rxe7 24. Rxe7 Kf8 25. Re1 h6 26. Ne6+ Kf7 27. Nf4 axb5
28. axb5 b6 29. Nxd5 c6 30. Re7+ Kf8 31. bxc6 Nxc6 32. Re1 b5 33. Rb1 Rb8 34.
Nb4 Na5 35. Na6 Rb6 36. Nc7 Nc4 37. Rxb5 Rxb5 38. Nxb5 Ke7 39. f4 Kd7 40. Kf2 d5
41. Na7 Nd6 42. g4 Ne4+ 43. Ke3 Nxc3 44. f5 Nd1+ 45. Kf4 Nc3 46. Ke5 Kc7 47. Ke6
Kb7 48. Kf7 Kxa7 49. Kxg7 Ne4 50. f6 Nd6 51. f7 Nxf7 52. Kxf7 Kb6 53. Kg6 Kb5
54. Kxh6 Kc4 55. g5 Kxd4 56. g6 Ke5 57. g7 {Black resigns} 1-0

[Event "Team 45 45 League T52"]
[Site "Internet Chess Club"]
[Date "2012.03.19"]
[Round "5"]
[White "theartist"]
[Black "CoasterBrake"]
[Result "0-1"]
[WhiteElo "1204"]
[BlackElo "1175"]
[Opening "QGD Slav: 3.Nf3"]
[ECO "D11"]
[Time "13:16:59"]
[TimeControl "2700+45"]

1. d4 d5 2. c4 c6 3. Nf3 Bf5 4. Nc3 Nf6 5. e3 Nbd7 6. Bd3 Bxd3 7. Qxd3 e6 8. Bd2
Qb6 9. b3 c5 10. cxd5 exd5 11. O-O Be7 12. e4 dxe4 13. Nxe4 Nxe4 14. Qxe4 Nf6
15. Qd3 O-O 16. Rfe1 Rfe8 17. Rac1 Rad8 18. Rc4 cxd4 19. Rxd4 Bc5 20. Rxd8 Qxd8
21. Qxd8 Rxd8 22. Re2 Nd5 23. g3 f6 24. Be3 Bxe3 25. fxe3 Kf7 26. Rd2 Ke7 27.
Re2 Nc3 28. Rc2 Rd3 29. Kf2 Ne4+ 30. Ke2 Rc3 31. Nd4 Rxc2+ 32. Nxc2 Nc3+ 33. Kd2
Nxa2 34. e4 Kd6 35. b4 b6 36. Kd3 Ke5 37. b5 Nc1+ 38. Ke3 Nb3 39. Nb4 Nd4 40.
Nc6+ Nxc6 41. bxc6 Kd6 42. c7 Kxc7 43. Kd4 Kd6 44. g4 h6 45. h3 a5 46. Kc4 a4
47. Kb4 a3 48. Kxa3 Ke5 49. Kb4 Kxe4 50. Kb5 h5 51. Kxb6 hxg4 52. hxg4 g5 53.
Kc5 Kf4 54. Kd5 Kxg4 55. Ke4 Kh3 56. Kf3 g4+ 57. Kf2 Kh2 {White resigns} 0-1

[Event "Team 45 45 League T52"]
[Site "Internet Chess Club"]
[Date "2012.03.19"]
[Round "5"]
[White "WzeroMN"]
[Black "Mclintock45"]
[Result "1/2-1/2"]
[WhiteElo "1083"]
[BlackElo "973"]
[Opening "Ruy Lopez: 5.O-O"]
[ECO "C78"]
[Time "11:12:49"]
[TimeControl "2700+45"]

1. e4 e5 2. Nf3 Nc6 3. Bb5 a6 4. Ba4 Nf6 5. O-O b5 6. Bb3 Bc5 7. Re1 O-O 8. d3
d6 9. Bg5 h6 10. Bh4 Nd4 11. Bxf6 Qxf6 12. Nxd4 Bxd4 13. Rf1 Bxb2 14. Nd2 Bxa1
15. Qxa1 Bg4 16. Bd5 Rae8 17. Qc3 Kh8 18. Qxc7 Re7 19. Qa5 Qf4 20. f3 Bh5 21.
Rf2 f5 22. Qxa6 Rf6 23. Qc8+ Kh7 24. Qh8+ Kg6 25. Qd8 Ra7 26. Qe8+ Kg5 27. g3
Bxe8 28. gxf4+ exf4 29. Rg2+ Kh5 30. Bb3 Bf7 31. Rxg7 Bxb3 32. Rxa7 Rg6+ 33. Kf2
Bxc2 34. Rc7 Bxd3 35. Rc3 fxe4 36. fxe4 Bc4 37. Nxc4 bxc4 38. Rxc4 Rg5 39. Rd4
Kh4 40. Rxd6 Ra5 41. Rxh6+ Kg5 42. Rd6 Rxa2+ 43. Kf3 Rxh2 44. Rd5+ Kg6 45. Kxf4
Rh4+ 46. Ke5 Kf7 47. Kf5 Rh5+ 48. Kg4 Rxd5 49. exd5 Ke7 50. Kf5 Kd6 51. Ke4 Kd7
52. Ke5 Kc7 53. Ke6 Kd8 54. d6 Ke8 55. d7+ Kd8 56. Kd6 {Black stalemated}
1/2-1/2

[Event "Team 45 45 League T52"]
[Site "Internet Chess Club"]
[Date "2012.03.18"]
[Round "5"]
[White "dscvdchk"]
[Black "Just-Jim"]
[Result "1-0"]
[WhiteElo "1459"]
[BlackElo "1359"]
[Opening "Queen's pawn game"]
[ECO "D02"]
[Time "15:03:52"]
[TimeControl "2700+45"]

1. Nf3 d5 2. d4 Bg4 3. Ne5 Bf5 4. c4 f6 5. Nf3 dxc4 6. Nc3 Bg4 7. e3 Nh6 8. Bxc4
e5 9. O-O Bb4 10. Qa4+ Nc6 11. d5 Bxf3 12. dxc6 b6 13. gxf3 Be7 14. Be6 Qd6 15.
Bd7+ Kf8 16. Nb5 Qb4 17. Qxb4 Bxb4 18. Nxc7 Rb8 19. Rd1 Bc5 20. e4 Ke7 21. a3 a5
22. Nd5+ Kf7 23. c7 Ra8 24. f4 exf4 25. Bxf4 g5 26. Be3 Bd6 27. Bxb6 Bxc7 28.
Nxc7 Rab8 29. Nd5 Kg6 30. Rac1 Nf7 31. Rc6 Ne5 32. Rxf6+ Kg7 33. Bf5 Nc4 34. Bd4
{Black resigns} 1-0

[Event "Team 45 45 League T52"]
[Site "Internet Chess Club"]
[Date "2012.03.15"]
[Round "5"]
[White "guyd52"]
[Black "rgadoury"]
[Result "1-0"]
[WhiteElo "1332"]
[BlackElo "1247"]
[Opening "Réti: King's Indian attack"]
[ECO "A05"]
[Time "18:00:27"]
[TimeControl "2700+45"]

1. Nf3 Nf6 2. g3 g6 3. Bg2 Bg7 4. O-O O-O 5. d3 d5 6. Nbd2 Nbd7 7. c3 Re8 8. Re1
c5 9. e4 dxe4 10. dxe4 e5 11. Nc4 h6 12. h4 b5 13. Nd6 Re6 14. Bh3 Re7 15. Nxb5
Rb8 16. Nxa7 Qc7 17. Nxc8 Rxc8 18. Bd2 Rd8 19. Qc1 Nb6 20. Bxh6 Nc4 21. Bxg7
Kxg7 22. Nh2 Nd6 23. f3 Nh5 24. Kf2 c4 25. Ng4 Rh8 26. Qe3 Qa7 {Black resigns}
1-0

[Event "Team 45 45 League T52"]
[Site "Internet Chess Club"]
[Date "2012.03.19"]
[Round "5"]
[White "tcianciola"]
[Black "wekabird"]
[Result "0-1"]
[WhiteElo "1198"]
[BlackElo "1184"]
[Opening "Queen's gambit declined"]
[ECO "D30"]
[Time "19:00:07"]
[TimeControl "2700+45"]

1. d4 d5 2. c4 e6 3. Nf3 c6 4. Bg5 Be7 5. Bxe7 Qxe7 6. e3 Nf6 7. Be2 O-O 8. O-O
h6 9. c5 b6 10. cxb6 axb6 11. Nc3 Ba6 12. Ne5 Bxe2 13. Nxe2 Nfd7 14. Ng3 Nxe5
15. dxe5 Nd7 16. f4 Nc5 17. f5 exf5 18. Nxf5 Qxe5 19. Qg4 Ne6 20. Nxh6+ Kh8 21.
Nxf7+ Rxf7 22. Rxf7 Qxe3+ 23. Kh1 Ng5 24. Rff1 Kg8 25. Rae1 Rf8 26. h3 Rxf1+ 27.
Rxf1 Ne4 28. Qc8+ Kh7 29. Qf5+ Kh6 30. Qe6+ g6 31. Kh2 Qe2 32. Rf6 Qh5 33. Rf5
Qxf5 34. Qxc6 Qf4+ 35. Kg1 Ng3 36. Qb5 d4 37. Qd3 Qe3+ 38. Qxe3+ dxe3 39. a4 Ne4
40. Kf1 Nc5 41. Ke2 Kg5 42. Kxe3 Kf5 43. Kd4 Nxa4 44. b3 Nc5 45. b4 Ne4 46. Ke3
b5 47. g4+ Kg5 48. Kf3 Nc3 49. Kg3 Na2 50. h4+ Kh6 51. g5+ Kh5 {White resigns}
0-1

[Event "Team 45 45 League T52"]
[Site "Internet Chess Club"]
[Date "2012.03.18"]
[Round "5"]
[White "carolinaknight"]
[Black "sere"]
[Result "0-1"]
[WhiteElo "1260"]
[BlackElo "1242"]
[Opening "Sicilian: closed, 2...Nc6"]
[ECO "B23"]
[Time "07:00:11"]
[TimeControl "2700+45"]

1. e4 c5 2. Nc3 Nc6 3. Bc4 d6 4. d3 Nf6 5. f3 Bd7 6. Nge2 g6 7. Ng3 Bg7 8. O-O
O-O 9. Bd2 Nd4 10. a4 Bc6 11. Be3 d5 12. Bb3 Nxb3 13. cxb3 d4 14. Qd2 dxe3 15.
Qxe3 Qd4 16. Qxd4 cxd4 17. Nce2 Rfd8 18. Rfc1 Rac8 19. Rc4 b5 20. axb5 Bxb5 21.
Rxd4 Bxd3 22. Rxd8+ Rxd8 23. Nc3 Bc2 24. b4 Rb8 25. b5 Rb7 26. Nge2 Nd7 27. Rc1
Bd3 28. Nf4 Bd4+ 29. Kh1 Ne5 30. Nfd5 Bc4 31. Nf4 Bd3 32. Nfd5 e6 33. Nf6+ Kh8
34. Ne8 Bc4 35. Nd6 Rc7 36. Ne8 Rc5 37. Nd6 Nd3 38. Rc2 Nf2+ 39. Kg1 Bd3 40. Rc1
Be3 41. Re1 Ng4+ 42. Kh1 Bd2 43. Rd1 Nf2+ 44. Kg1 Nxd1 {White resigns} 0-1

[Event "Team 45 45 League T52"]
[Site "Internet Chess Club"]
[Date "2012.03.15"]
[Round "5"]
[White "rahulr"]
[Black "az2112"]
[Result "1/2-1/2"]
[WhiteElo "1614"]
[BlackElo "1634"]
[Opening "Réti: King's Indian attack"]
[ECO "A05"]
[Time "21:30:06"]
[TimeControl "2700+45"]

1. Nf3 Nf6 2. g3 g6 3. Bg2 Bg7 4. O-O O-O 5. d3 d6 6. e4 c5 7. Re1 Nc6 8. Be3 h6
9. Nc3 a6 10. Qe2 Qb6 11. Rab1 Bd7 12. a3 Nd4 13. Qd2 Ng4 14. Nd5 Nxf3+ 15. Bxf3
Qd8 16. Bxg4 Bxg4 17. Bxh6 e6 18. Bxg7 Kxg7 19. Qc3+ f6 20. Ne3 Bf3 21. h3 Rh8
22. h4 g5 23. Ng2 Bxg2 24. Kxg2 gxh4 25. g4 Kf7 26. Rh1 Qg8 27. f3 Qg5 28. Rh3
Rag8 29. Rbh1 b5 30. Qe1 f5 31. Rxh4 fxg4 32. Rxg4 Rxh1 33. Kxh1 Rh8+ 34. Kg2
Qh6 35. Qg3 Qd2+ 36. Kg1 Qd1+ 37. Kf2 Qd2+ 38. Kg1 Qd1+ 39. Kf2 Qd2+ 40. Kg1
Qd1+ {Game drawn by repetition} 1/2-1/2